 Dungeon Crawl Stone Soup version 0.24-a0-48-g0ecae65 (webtiles) character file.

Game seed: 1500568564501750948

30 Lavandula the Vandal (level 3, -1/22 HPs)
             Began as a Halfling Arcane Marksman on Feb 3, 2019.
             Slain by a gnoll (8 damage)
             ... on level 3 of the Dungeon.
             The game lasted 00:01:30 (225 turns).

Lavandula the Vandal (Halfling Arcane Marksman)      Turns: 225, Time: 00:01:32

Health: -1/22      AC:  2    Str: 12    XL:     3   Next: 37%
Magic:  4/4        EV: 15    Int: 11    God:
Gold:   31         SH:  0    Dex: 14    Spells: 3/4 levels left

rFire    . . .     SeeInvis .   a - +0 hunting sling
rCold    . . .     Gourm    .   (shield restricted)
rNeg     . . .     Faith    .   e - +0 robe
rPois    .         Spirit   .   (no helmet)
rElec    .         Reflect  .   (no cloak)
rCorr    .         Harm     .   (no gloves)
MR       .....                  (no boots)
Stlth    +.........             (no amulet)
HPRegen  0.07/turn              (no ring)
MPRegen  0.09/turn              (no ring)

@: no status effects
A: small, mutation resistance 1
a: no special abilities


You were on level 3 of the Dungeon.
You were not hungry.

You visited 1 branch of the dungeon, and saw 3 of its levels.

You collected 31 gold pieces.

Inventory:

Hand Weapons
 a - a +0 hunting sling (weapon)
 h - a +0 dagger
Missiles
 d - 5 sling bullets (quivered)
 i - 4 tomahawks
Armour
 e - a +0 robe (worn)
Scrolls
 b - a scroll of immolation {unknown}
 c - a scroll of identify {unknown}
 g - a scroll of random uselessness {unknown}
Comestibles
 f - a ration


   Skills:
 - Level 0.8 Fighting
 + Level 5.2 Slings
 - Level 2.1 Dodging
 - Level 1.0 Spellcasting
 - Level 2.4 Hexes


You had 3 spell levels left.
You knew the following spells:

 Your Spells              Type           Power        Failure   Level  Hunger
a - Corona                Hex            #......      12%         1    ##.....

Your spell library contained the following spells:

 Spells                   Type           Power        Failure   Level  Hunger
 Slow                     Hex            #.......     19%         2    ###....
 Inner Flame              Hex/Fire       #.......     52%         3    ####...
 Portal Projectile        Hex/Tloc       #.....       52%         3    ####...
 Cause Fear               Hex            #.........   77%         4    #####..
 Leda's Liquefaction      Hex/Erth       #.........   89%         4    #####..


Dungeon Overview and Level Annotations

Branches:
Dungeon (3/15)

Altars:

Annotations:
D:2 Terence


Innate Abilities, Weirdness & Mutations

You are small and have problems with some larger weapons.
You are somewhat resistant to further mutation.


Message History

Firing (i - inventory. (/) - cycle)
d - 8 sling bullets (quivered)
Press: ? - help, Shift-Dir - straight line, f/p - gnoll
Aim: a gnoll (moderately wounded)
You shoot a sling bullet. The sling bullet hits the gnoll!
The gnoll is severely wounded.
The gnoll hits you.
Firing (i - inventory. (/) - cycle)
d - 7 sling bullets (quivered)
Press: ? - help, Shift-Dir - straight line, f/p - gnoll
Aim: a gnoll (severely wounded)
You shoot a sling bullet.
The sling bullet hits the gnoll but does no damage.
The gnoll is severely wounded.
The gnoll hits you.
Firing (i - inventory. (/) - cycle)
d - 6 sling bullets (quivered)
Press: ? - help, Shift-Dir - straight line, f/p - gnoll
Aim: a gnoll (severely wounded)
You shoot a sling bullet. The sling bullet hits the gnoll.
The gnoll is almost dead.
The gnoll hits you!
You die...

.########.#
####.####
#...<...#
#.#####.# #
#.####
#....#
#.##.#
#.##.#
..##@#
#####g# #g#
#(# #.# #.#
#.# #.# #.#


You could see 2 gnolls.

Vanquished Creatures
  2 gnolls (D:3)
  An ooze (D:3)
  An orc (D:3)
  A goblin (D:2)
  A quokka (D:3)
  A frilled lizard (D:3)
  A rat (D:1)
8 creatures vanquished.

Notes
Turn   | Place    | Note
-------+----------+-------------------------------------------
     0 | D:1      | Lavandula the Halfling Arcane Marksman began the quest for
                  | the Orb.
     0 | D:1      | Reached XP level 1. HP: 12/12 MP: 2/2
   153 | D:2      | Noticed Terence
   175 | D:3      | Reached XP level 2. HP: 9/18 MP: 3/3
   184 | D:3      | Reached skill level 4 in Slings
   204 | D:3      | Reached XP level 3. HP: 13/22 MP: 4/4
   218 | D:3      | Reached skill level 5 in Slings
   225 | D:3      | Slain by a gnoll

Vault maps used:
D:1:      minmay_arrival_doors
D:2:      nicolae_overflow_hidden_temple, uniq_terence, uniq_natasha
D:3:      kennysheep_generic_room_5

Skill      XL: |  1  2  3 |
---------------+----------+-----
Slings         | 4 5 |  5.2
Fighting       | |  0.8
Dodging        | |  2.1
Spellcasting   | |  1.0
Hexes          | |  2.4

Action                   || total
-------------------------++-------
 Fire: Hunting sling     ||    32
 Cast: Corona            ||     2
Dodge: Dodged            ||     5

Table legend:
 A = Non-vault XP
 B = Vault XP
 C = Vault XP percentage of total XP
 D = Non-vault monster count
 E = Vault monster count
 F = Vault count percentage of total count
                 A         B        C        D         E       F
            +---------+---------+-------+---------+---------+-------
      Total |      44 |       0 |   0.0 |       8 |       0 |   0.0
            +---------+---------+-------+---------+---------+-------
        D:1 |       1 |       0 |   0.0 |       1 |       0 |   0.0
        D:2 |       2 |       0 |   0.0 |       1 |       0 |   0.0
        D:3 |      41 |       0 |   0.0 |       6 |       0 |   0.0
            +---------+---------+-------+---------+---------+-------
